 Dungeon Crawl Stone Soup version 0.31-a0-986-g5e6e4ef867 (webtiles) character file.

Game seed: 14118114065966012204

320174 Flat the Sorcerer (level 20, -42/154 HPs)
             Began as a Mummy Necromancer on Nov 21, 2023.
             Was the Champion of Kikubaaqudgha.
             Killed from afar by a golden dragon (59 damage)
             ... with a bolt of fire
             ... on level 5 of the Vaults on Nov 22, 2023.
             The game lasted 06:08:23 (44869 turns).

Flat the Sorcerer (Mummy Necromancer)              Turns: 44869, Time: 06:08:25

Health: -42/154    AC: 13    Str: 19    XL:     20   Next: 61%
Magic:  37/47      EV: 19    Int: 27    God:    Kikubaaqudgha [******]
Gold:   2913       SH: 21    Dex: 14    Spells: 2/66 levels left

rFire   . . .        v - +8 arc blade {discharge, rElec}
rCold   + . .        h - +5 kite shield {rC+}
rNeg    + + +        o - +1 robe of Vines {NoPotionHeal Regen++++}
rPois   ∞            r - +2 helmet {SInv}
rElec   +            y - +2 cloak {rCorr}
rCorr   +            l - +2 pair of gloves {Str+3}
SInv    +            Q - +0 pair of boots "Maatu" {Str+4 Int+6}
Will    ++...        u - amulet of reflection
Stlth   +++++        i - ring of fire
HPRegen 3.65/turn    F - +5 ring of evasion
MPRegen 0.30/turn

%: reflection, faith
@: animating dead, studying Maces & Flails
A: cold resistance 1, negative energy resistance 3, torment resistance 2, heat
vulnerability 1, in touch with death 2, no potions, faith
}: 2/15 runes: decaying, gossamer
a: Renounce Religion, Unearth Wretches, Torment


You were on level 5 of the Vaults.
You worshipped Kikubaaqudgha.
Kikubaaqudgha was exalted by your worship.
You visited 8 branches of the dungeon, and saw 37 of its levels.
You also visited: Ice Cave.

You collected 5052 gold pieces.
You spent 2139 gold pieces at shops.

Inventory:

Hand Weapons
 a - the +2 dagger "Dizir" {pain, Will++ Stlth+}
   (You found it on level 5 of the Dungeon)

   Will++:    It greatly increases your willpower.
   Stlth+:    It makes you more stealthy.
 v - the +8 arc blade (weapon) {discharge, rElec}
   (You took it off Nikola on level 3 of the Spider Nest)

   rElec:     It insulates you from electricity.
 K - the +6 dagger of Dishonesty {heavy, Fly rCorr Str+2}
   (You found it on level 3 of the Lair of Beasts)

   Str+2:     It affects your strength (+2).
   Fly:       It grants you flight.
   rCorr:     It protects you from acid and corrosion.
Missiles
 s - 3 throwing nets
Armour
 h - a +5 kite shield of cold resistance (worn)
 l - a +2 pair of gloves of strength (worn)
 o - the +1 robe of Vines (worn) {NoPotionHeal Regen++++}
   (You found it on level 4 of the Dungeon)

   NoPotionHeal: Its wearer cannot be healed by potions.
   Regen++++: It increases your rate of health regeneration.
 r - a +2 helmet of see invisible (worn)
 y - a +2 cloak of preservation (worn)
 Q - the +0 pair of boots "Maatu" (worn) {Str+4 Int+6}
   (You found it on level 4 of the Vaults)

   Str+4:     It affects your strength (+4).
   Int+6:     It affects your intelligence (+6).
Magical Staves
 M - a staff of fire
 T - a staff of cold
Jewellery
 i - a ring of fire (left hand)
 k - a ring of protection from cold
 u - an amulet of reflection (around neck)
 z - a +6 ring of intelligence
 E - a ring of fire
 F - a +5 ring of evasion (right hand)
Wands
 g - a wand of flame (9)
 n - a wand of light (13)
 w - a wand of iceblast (32)
 x - a wand of paralysis (19)
 C - a wand of polymorph (3)
 G - a wand of digging (11)
 P - a wand of mindburst (48)
Scrolls
 c - 3 scrolls of silence
 d - 6 scrolls of revelation
 e - 4 scrolls of teleportation
 f - 3 scrolls of amnesia
 q - 6 scrolls of fog
 B - a scroll of fear
 H - 3 scrolls of poison
 J - 9 scrolls of immolation
 L - a scroll of blinking
Miscellaneous
 A - a box of beasts (inert)
 N - a phantom mirror


   Skills:
 * Level 12.4 Fighting
 + Level 6.3 Short Blades
 + Level 8.4 Dodging
 * Level 13.3 Stealth
 + Level 9.1 Shields
 * Level 23.8 Spellcasting
 + Level 4.5 Conjurations
 + Level 2.1 Hexes
 + Level 0.8 Summonings
 * Level 16.7 Necromancy
 + Level 0.1 Translocations
 + Level 3.5 Fire Magic
 + Level 7.9 Ice Magic
 + Level 7.4 Air Magic
 + Level 2.4 Earth Magic
 + Level 1.5 Evocations


You had 2 spell levels left.
You knew the following spells:

 Your Spells              Type           Power      Damage    Failure   Level
a - Necrotise             Necr           100%       1d9       0%          1
b - Vampiric Draining     Necr           100%       2d13      0%          3
c - Freeze                Ice            100%       1d10      1%          1
d - Animate Dead          Necr           100%       N/A       1%          4
e - Frozen Ramparts       Ice            100%       1d16      1%          3
f - Summon Lightning Spi  Summ/Air       53%        N/A       3%          4
g - Airstrike             Air            32%        2d(5-21)  1%          4
h - Dispel Undead         Necr           100%       3d31      1%          4
i - Anguish               Hex/Necr       56%        N/A       1%          4
j - Borgnjor's Vile Clut  Necr/Erth      56%        N/A       1%          5
k - Fireball              Conj/Fire      34%        3d14      11%         5
l - Death Channel         Necr           67%        N/A       1%          6
m - Ozocubu's Armour      Ice            66%        N/A       1%          3
n - Vhi's Electric Charg  Tloc/Air       100%       N/A       4%          4
o - Arcjolt               Conj/Air       29%        1d39      4%          5
p - Infestation           Necr           67%        N/A       14%         8

Your spell library contained the following spells:

 Spells                   Type           Power      Damage    Failure   Level
 Apportation              Tloc           66%        N/A       1%          1
 Kiss of Death            Conj/Necr      100%       2d13      1%          1
 Summon Small Mammal      Summ           100%       N/A       1%          1
 Cigotuvi's Dreadful Rot  Necr/Pois/Air  100%       N/A       1%          2
 Ensorcelled Hibernation  Hex/Ice        100%       N/A       1%          2
 Jinxbite                 Hex            86%        N/A       1%          2
 Passwall                 Tmut/Erth      31%        N/A       1%          2
 Static Discharge         Conj/Air       100%       3-8/arc   1%          2
 Hailstorm                Conj/Ice       60%        3d13      1%          3
 Swiftness                Air            64%        N/A       1%          3
 Agony                    Necr           100%       N/A       1%          5
 Simulacrum               Ice/Necr       61%        N/A       1%          6
 Summon Guardian Golem    Hex/Summ       40%        N/A       3%          3
 Call Canine Familiar     Summ           36%        N/A       4%          3
 Metabolic Englaciation   Hex/Ice        28%        N/A       7%          5
 Cause Fear               Hex            21%        N/A       9%          4
 Leda's Liquefaction      Hex/Erth       22%        N/A       9%          4
 Petrify                  Tmut/Erth      38%        N/A       13%         4
 Manifold Assault         Tloc           33%        N/A       19%         4
 Lee's Rapid Deconstruct  Erth           22%        3d13*     22%         5
 Conjure Ball Lightning   Conj/Air       29%        3x3d8     26%         6
 Summon Mana Viper        Hex/Summ       40%        N/A       30%         5
 Summon Forest            Summ/Tloc      17%        N/A       43%         5
 Haunt                    Necr/Summ      54%        N/A       43%         7
 Alistair's Intoxication  Tmut/Pois      21%        N/A       50%         5
 Ozocubu's Refrigeration  Ice            33%        4d14      56%         7
 Bombard                  Conj/Erth      25%        9d5       58%         6
 Summon Cactus Giant      Summ           18%        N/A       92%         6
 Dispersal                Tloc           16%        N/A       96%         6
 Enfeeble                 Hex            21%        N/A       100%        7
 Summon Hydra             Summ           18%        N/A       100%        7
 Discord                  Hex            21%        N/A       100%        8
 Disjunction              Tloc           16%        N/A       100%        8
 Maxwell's Capacitive Co  Air            32%        ∞         100%        8
 Chain Lightning          Conj/Air       29%        3d39      100%        9
 Dragon's Call            Summ           18%        N/A       100%        9
 Fire Storm               Conj/Fire      34%        8d9       100%        9
 Shatter                  Erth           22%        3d20*     100%        9
 Sublimation of Blood     Necr           Unusable   N/A       N/A         2
 Wereblood                Tmut           Unusable   N/A       N/A         2

Dungeon Overview and Level Annotations

Branches:
Dungeon (15/15)            Temple (1/1) D:4            Lair (5/5) D:8
  Swamp (4/4) Lair:3       Spider (4/4) Lair:3        Slime (0/5) Lair:5
    Orc (2/2) D:11            Elf (1/3) Orc:2        Vaults (5/5) D:14
  Crypt (0/3) Vaults:3     Depths (0/4) D:15          IceCv (visited)

Altars:
Ashenzari
Cheibriados
Dithmenos
Fedhas
Gozag
Hepliaklqana
Kikubaaqudgha
Makhleb
Nemelex Xobeh
Okawaru
Qazlal
Ru
Sif Muna
Trog
Uskayaw
Vehumet
Wu Jian
Xom
Yredelemnul

Shops:
D:1 ?   D:7 :?=:(   D:12 ?   Orc:2 =(*[[   Vaults:1 !   Vaults:4 :


Innate Abilities, Weirdness & Mutations

You are immune to poison.
Your flesh is cold resistant. (rC+)
You are immune to negative energy. (rN+++)
You are immune to unholy pain and torment.
You are vulnerable to heat. (rF-)
You are strongly in touch with the powers of death.
You do not drink.
You have a special connection with the divine. (Faith)


Message History

The wall freezes the ettin but does no damage.
The ettin hits you with a +0 dire flail!!
* * * LOW HITPOINT WARNING * * *
You block the ettin's attack.
The wall freezes the vault warden.
The vault warden hits you from afar with a +0 halberd!
* * * LOW HITPOINT WARNING * * *
The wall freezes the titan.
You block the titan's attack.
Unknown command.
Blink to where?
Press: ? - help, Dir - move target, p - titan Your icy armour cracks and falls away as you move.
The frozen ramparts melt away as you move.
A golden dragon and an ogre come into view.
As you read the scroll of blinking, it crumbles to dust.
The ogre completely misses you.
Casting: Vampiric Draining (safe; 0% risk of failure)
Confirm with . or Enter, or press ? or * to list all spells.
Aiming: Vampiric Draining (safe; 0% risk of failure)
Press: ? - help, Shift-Dir - straight line, f - ogre
Aim: an ogre, wielding a +0 giant club You feel a strong surge of power!
You draw life force from the ogre!!
You feel life coursing into your body!
The titan waves its arms in wide circles.
The air twists around and strikes you!!
* * * LOW HITPOINT WARNING * * *
You block the ogre's attack.
As you read the scroll of fear, it crumbles to dust.
You assume a fearsome visage.
The golden dragon resists with almost no effort.
The ettin looks frightened!
The titan resists with almost no effort.
The vault warden looks frightened!
The ogre looks frightened!
The ettin barely misses your deep elf demonologist zombie.
The ettin hits your deep elf demonologist zombie with a +0 dire flail!!
The golden dragon breathes fire at you.
The bolt of fire hits the ogre!!!
The ogre dies!
The bolt of fire hits you!!!
You die...
Kikubaaqudgha rasps: "You have failed me!
Welcome... oblivion!"

### ### ... ...
#.# #.# #.# #.#
###.###.###.###.#
................#
##########).###.#
...D..)@##.#
##.####..#.###.#
##p#.....#
#.#.###.# #C..#
#Z#.# #C#...
#..#.### ...##.#


You could see a titan (ally target), a golden dragon (catching breath), a vault
warden (fleeing), an ettin (fleeing) and a friendly deep elf demonologist
zombie.

Vanquished Creatures
  Mara (Vaults:4)
  Sojobo (Vaults:4)
  Bai Suzhen (Spider:4)
  Jorgrun (D:12)
  2 sphinxes
  2 tengu reavers (Vaults:4)
  The ghost of Pocsodimp the Unseen, an adept VSBr of Uskayaw (Spider:3)
  An emperor scorpion (Spider:4)
  7 vault wardens
  2 ghost moths
  2 orc warlords (Vaults:3)
  A broodmother (Spider:3)
  A ghoul (Swamp:2)
  6 ironbound preservers
  2 formless jellyfish
  4 ironbound thunderhulks
  A vampire knight (Vaults:3)
  5 eleionomae
  3 bunyips
  2 spark wasps
  A deep elf demonologist (Vaults:5)
  Snorg (D:10)
  6 entropy weavers
  2 fire dragons (D:15)
  4 yaktaur captains
  5 great orbs of eyes
  A shambling mangrove (Swamp:1)
  Erolcha (Orc:2)
  5 hydras
  16 vault guards
  An ice dragon (IceCv)
  4 centaur warriors
  3 ghost crabs
  7 alligators
  2 catoblepae
  3 radroaches
  5 boulder beetles
  4 ironbound frosthearts
  The ghost of obanaku the Cruncher, a journeyman TeBe of Trog (D:11)
  4 two-headed ogres
  2 dancing weapons (Elf:1)
  2 death yaks
  A deep troll earth mage (D:15)
  5 demonic crawlers
  A tengu warrior (D:15)
  2 orc high priests (Orc:2)
  2 deep elf knights
  Sonja (D:10)
  Amaemon (D:8)
  An orb spider (Spider:3)
  A pharaoh ant (Spider:3)
  2 goliath frogs
  8 skeletal warriors
  8 swamp dragons
  14 deep trolls
  4 bog bodies
  A deep elf archer (Elf:1)
  12 arcanists
  2 harpies (Vaults:3)
  3 lindwurms
  7 orc knights
  12 ironbound convokers
  4 deep elf pyromancers (Elf:1)
  A deep elf zephyrmancer (Elf:1)
  5 steelbarb worms
  19 ugly things
  7 wolf spiders
  A necromancer (Vaults:5)
  An oklob plant (Lair:4)
  5 orc sorcerers
  2 will-o-the-wisps
  A manticore (D:15)
  6 elephants
  4 cyclopes
  3 torpor snails
  2 moths of wrath
  8 vault sentinels
  An orange demon (D:8)
  5 black mambas
  A gargoyle (D:13)
  3 cane toads (Lair:4)
  9 rime drakes
  An unseen horror (D:11)
  21 yaktaurs
  2 efreet
  4 komodo dragons
  A freezing wraith (D:15)
  A polar bear (shapeshifter) (D:15)
  A queen bee (Lair:4)
  A bloated husk (Swamp:1)
  6 meliai
  4 polar bears
  A troll (D:9)
  10 tarantellas
  6 blink frogs
  7 tyrant leeches
  Grinder (D:6)
  6 hornets
  7 slime creatures
  32 yaks
  2 shadows
  19 jumping spiders
  An air elemental (Elf:1)
  5 wraiths
  20 culicivoras
  A spriggan (Swamp:1)
  5 fire elementals
  9 wyverns
  6 humans (D:14)
  4 vampires
  2 basilisks
  A fire bat (Swamp:4)
  2 neqoxecs (D:11)
  33 redbacks
  6 vampire mosquitoes
  3 steam dragons
  10 swamp worms
  A glowing shapeshifter skeleton (Vaults:5)
  19 water moccasins
  3 wargs
  4 acid dragons
  15 hell hounds
  31 orc warriors
  8 swamp drakes
  An orc zombie (Vaults:3)
  3 black bears (Lair:5)
  A human skeleton (Vaults:5)
  2 ice beasts (IceCv)
  A boggart (D:15)
  15 wolves
  4 ogres
  6 centaurs
  2 phantoms (D:4)
  6 bullfrogs
  2 scorpions
  A necrophage (Swamp:3)
  A gnoll sergeant (D:7)
  7 wights
  4 lindwurm simulacra (IceCv)
  30 killer bees
  2 howler monkeys (D:12)
  An electric eel (Lair:1)
  A lava snake (D:12)
  6 komodo dragon simulacra (IceCv)
  24 orc priests
  6 hounds
  7 jellies
  3 quasits (D:11)
  A centaur skeleton (D:4)
  A sleepcap (D:5)
  5 gnoll boudas
  An iguana (D:6)
  A scorpion zombie (D:4)
  17 orc wizards
  2 hell rats (Lair:4)
  A hound zombie (D:4)
  Robin (D:3)
  4 adders
  2 acid dragon simulacra (IceCv)
  29 gnolls
  2 shadow imps (D:7)
  8 white imps
  9 steam dragon simulacra (IceCv)
  3 ufetubi
  An adder zombie (D:4)
  3 worms
  A dart slug (D:5)
  68 orcs
  4 ball pythons
  6 endoplasms
  A giant cockroach (D:4)
  8 hobgoblins
  2 jackals (D:2)
  8 quokkas
  8 bats
  4 frilled lizards
  19 goblins
  8 kobolds
  A quokka skeleton (D:4)
  8 rats
997 creatures vanquished.

Vanquished Creatures (collateral kills)
  Frederick (Vaults:4)
  Nikola (Spider:3)
  A sphinx (Vaults:4)
  Kirke (Spider:3)
  A fenstrider witch (Swamp:4)
  2 emperor scorpions
  5 vault wardens
  A ghost moth (Spider:4)
  A formless jellyfish (Vaults:4)
  9 ironbound preservers
  2 ironbound thunderhulks
  2 bunyips
  6 eleionomae
  A spark wasp (Spider:3)
  2 fire dragons (Swamp:4)
  Josephine (D:15)
  3 great orbs of eyes (Vaults:3)
  2 yaktaur captains
  A shambling mangrove (Swamp:4)
  3 entropy weavers
  5 vault guards
  A jorogumo (Spider:4)
  5 radroaches
  A ghost crab (Swamp:4)
  8 hydras
  8 alligators
  A centaur warrior (D:15)
  2 ogre magi
  2 ironbound frosthearts
  2 boulder beetles
  2 death yaks (Lair:3)
  2 two-headed ogres
  7 demonic crawlers
  4 sun moths
  2 pharaoh ants (Spider:2)
  17 deep trolls
  3 goliath frogs
  A bog body (Swamp:3)
  A spriggan rider (Swamp:3)
  3 spriggan druids
  3 orb spiders
  3 swamp dragons (Swamp:4)
  5 lindwurms
  2 orc knights (Vaults:3)
  5 arcanists
  2 harpies (Vaults:3)
  4 ironbound convokers (Vaults:2)
  2 steelbarb worms
  3 wolf spiders
  6 will-o-the-wisps
  11 ugly things
  A guardian serpent (Lair:5)
  2 moths of wrath (Spider:2)
  5 elephants
  4 vault sentinels
  3 torpor snails
  7 black mambas
  7 cane toads
  4 rime drakes
  4 komodo dragons
  6 yaktaurs
  2 human zombies
  A troll (D:12)
  7 polar bears
  3 meliai
  14 tarantellas
  3 tyrant leeches
  A raiju (Lair:5)
  Prince Ribbit (D:8)
  10 blink frogs
  A tarantella zombie (Spider:1)
  9 hornets
  18 jumping spiders
  7 culicivoras
  4 slime creatures
  8 spriggans
  A wraith (D:15)
  8 yaks
  3 wyverns
  A hog (Spider:3)
  3 basilisks
  A steam dragon (D:8)
  A fire bat (Swamp:4)
  26 redbacks
  4 wargs (Lair:5)
  4 swamp worms
  7 water moccasins (Lair:5)
  8 black bears (Lair:5)
  2 orc warriors (D:11)
  5 swamp drakes
  An ogre (D:15)
  A centaur (D:15)
  18 wolves
  A kobold brigand (D:10)
  2 bullfrogs (Lair:4)
  A necrophage (Swamp:3)
  A gnoll sergeant (D:10)
  10 killer bees
  A howler monkey (D:12)
  2 electric eels
  A lava snake (Swamp:4)
  3 jellies (Lair:5)
  2 orc priests (Orc:2)
  A hell rat (Lair:4)
  2 orc wizards
  3 gnolls
  An adder (D:5)
  5 white imps (Lair:1)
  An ufetubus (D:7)
  An adder zombie (D:4)
  6 orcs
  2 endoplasms (Lair:5)
  A goblin (D:4)
  3 kobolds (D:10)
  A butterfly (Lair:3)
446 creatures vanquished.

Vanquished Creatures (others)
  Donald (Spider:2)
  A tengu reaver (Vaults:4)
  A fenstrider witch (Swamp:2)
  An orc warlord (Orc:2)
  2 vault wardens
  A ghost moth (Spider:1)
  2 ironbound preservers
  A broodmother (Spider:4)
  2 ironbound thunderhulks
  An eleionoma (Swamp:2)
  2 dire elephants
  Azrael (D:14)
  A spark wasp (Spider:3)
  2 yaktaur captains (Vaults:4)
  An entropy weaver (Spider:3)
  2 great orbs of eyes
  A fenstrider witch zombie (Swamp:4)
  A fire dragon (Swamp:4)
  A sphinx zombie (Vaults:2)
  3 hydras
  3 vault guards
  A jorogumo (Spider:4)
  2 radroaches
  6 ironbound frosthearts
  A boulder beetle (Vaults:4)
  2 centaur warriors
  An orc high priest (Orc:2)
  A goliath frog (Swamp:4)
  A spark wasp zombie (Spider:2)
  3 pharaoh ants (Spider:4)
  A deep troll (Vaults:4)
  A swamp dragon (Swamp:4)
  2 ironbound convokers
  A ghost moth zombie (Spider:4)
  3 arcanists
  A deep elf pyromancer (Elf:1)
  7 ugly thing zombies
  A steelbarb worm (Spider:4)
  A harpy (Vaults:4)
  A deep elf zephyrmancer (Elf:1)
  A lindwurm (Vaults:4)
  2 orc knights
  4 alligator zombies
  An ugly thing (D:15)
  3 wolf spider zombies
  2 broodmother zombies
  A wolf spider (Spider:1)
  A goliath frog zombie (Swamp:2)
  2 formless jellyfish zombies
  A vault sentinel (Vaults:1)
  A dwarf zombie (D:12)
  A black mamba (Lair:5)
  2 cane toads
  A death yak zombie (Lair:3)
  A rime drake (Lair:4)
  23 redback zombies
  A swamp worm zombie (Swamp:1)
  4 yaktaurs
  A komodo dragon (Lair:5)
  4 steelbarb worm zombies
  3 hydra zombies (Swamp:4)
  2 demonic crawler zombies (Spider:4)
  A harpy zombie (Vaults:4)
  5 great orb of eyes zombies
  A troll (D:14)
  A polar bear (Lair:5)
  A moth of wrath zombie (Spider:2)
  7 meliai
  A bloated husk (Swamp:2)
  2 radroach zombies (Spider:4)
  A boulder beetle zombie (Vaults:4)
  2 tarantellas
  8 tarantella zombies
  10 culicivora zombies
  12 jumping spider zombies
  A blink frog (Lair:5)
  A guardian serpent zombie (Lair:5)
  A slime creature (Vaults:3)
  A jumping spider (Spider:4)
  6 meliai zombies
  2 culicivoras (Spider:1)
  3 black mamba zombies (Lair:5)
  6 humans
  A vampire mosquito (Swamp:1)
  A yak (Lair:5)
  4 redbacks
  A warg (Lair:5)
  2 two-headed ogre zombies
  A tengu zombie (D:15)
  A water moccasin (Lair:3)
  4 entropy weaver zombies
  2 hell hounds (Lair:5)
  2 cane toad zombies
  4 swamp drakes
  A ghost crab zombie (Swamp:2)
  3 hornet zombies
  2 swamp dragon zombies
  An orc warrior (Orc:2)
  An elf zombie (Elf:1)
  A blink frog zombie (Lair:1)
  3 lindwurm zombies
  An ogre (Vaults:5)
  A wolf (Lair:1)
  A torpor snail zombie (Spider:1)
  6 yaktaur zombies
  4 rime drake zombies
  2 hell hound zombies (Lair:5)
  5 wyvern zombies
  8 water moccasin zombies
  8 yak zombies
  2 warg zombies
  3 spriggan zombies (Swamp:1)
  A polar bear zombie (D:15)
  A killer bee (Lair:4)
  5 wolf zombies
  3 black bear zombies (Lair:5)
  A bullfrog zombie (D:8)
  6 centaur zombies
  An orc priest (Orc:2)
  33 human zombies
  A basilisk zombie (D:12)
  2 orc wizards
  13 killer bee zombies
  2 ice beast zombies (IceCv)
  8 ogre zombies
  An acid dragon zombie (D:10)
  2 hell rat zombies (Lair:4)
  3 swamp drake zombies (Swamp:4)
  3 orcs (Orc:2)
  11 gnoll zombies
  8 kobold zombies (D:10)
  40 orc zombies
  53 foxfires
477 creatures vanquished.

Grand Total: 1920 creatures vanquished

Notes
Turn   | Place    | Note
-------+----------+-------------------------------------------
     0 | D:1      | Flat the Mummy Necromancer began the quest for the Orb.
     0 | D:1      | Reached XP level 1. HP: 13/13 MP: 4/4
   318 | D:1      | Reached XP level 2. HP: 19/19 MP: 3/5
   402 | D:1      | Found Renaam's Magic Scroll Shop.
   422 | D:1      | Bought a scroll of identify for 20 gold pieces
   422 | D:1      | Bought a scroll of teleportation for 30 gold pieces
   422 | D:1      | Bought a scroll of identify for 20 gold pieces
  1193 | D:2      | Reached XP level 3. HP: 24/24 MP: 4/7
  1206 | D:2      | Reached skill level 3 in Spellcasting
  1495 | D:2      | Learned a level 3 spell: Vampiric Draining
  1701 | D:2      | Reached XP level 4. HP: 30/30 MP: 4/9
  1756 | D:2      | Identified the ring of Xedefuol {*Slow Fly rN+ Slay+3}
  2067 | D:3      | Reached skill level 4 in Spellcasting
  2067 | D:3      | Reached skill level 5 in Necromancy
  2198 | D:3      | Reached skill level 5 in Spellcasting
  2198 | D:3      | Reached XP level 5. HP: 21/35 MP: 0/12
  2357 | D:3      | Found a shimmering altar of Xom.
  2357 | D:3      | Found a shimmering altar of Xom.
  2357 | D:3      | Found a shimmering altar of Xom.
  2357 | D:3      | Found a shimmering altar of Xom.
  2367 | D:3      | Found a shimmering altar of Xom.
  2367 | D:3      | Found a shimmering altar of Xom.
  2481 | D:3      | Noticed Robin
  2524 | D:3      | Killed Robin
  2974 | D:1      | Bought a scroll of revelation for 75 gold pieces
  3027 | D:4      | Noticed a phantom
  3144 | D:4      | Learned a level 1 spell: Freeze
  3163 | D:4      | Reached skill level 1 in Ice Magic
  3274 | D:4      | Reached XP level 6. HP: 37/41 MP: 11/14
  3338 | D:4      | Found a staircase to the Ecumenical Temple.
  3356 | Temple   | Entered the Ecumenical Temple
  3383 | Temple   | Became a worshipper of Kikubaaqudgha
  3498 | D:4      | Found a radiant altar of Vehumet.
  3504 | D:4      | Learned a level 4 spell: Animate Dead
  3508 | D:4      | Learned a level 3 spell: Frozen Ramparts
  3535 | D:4      | Reached skill level 6 in Spellcasting
  3600 | D:4      | Found an iron altar of Okawaru.
  3698 | D:4      | Reached skill level 1 in Short Blades
  3925 | D:4      | Reached XP level 7. HP: 46/47 MP: 14/16
  3976 | D:4      | Found the +1 robe of Vines {NoPotionHeal Regen++++}
  4200 | D:5      | Entered Level 5 of the Dungeon
  4228 | D:5      | Reached * piety under Kikubaaqudgha
  4228 | D:5      | Received a gift from Kikubaaqudgha
  4306 | D:5      | Noticed a shadow
  4307 | D:5      | Found a shadowy altar of Dithmenos.
  4359 | D:5      | Noticed a yak
  4359 | D:5      | Noticed a yak
  4386 | D:5      | Killed a yak
  4396 | D:5      | Noticed a yak
  4400 | D:5      | Killed a yak
  4401 | D:5      | Reached skill level 7 in Spellcasting
  4443 | D:5      | Killed a yak
  4444 | D:5      | Reached XP level 8. HP: 51/53 MP: 2/19
  4739 | D:5      | Reached skill level 1 in Fighting
  4875 | D:5      | Found a hazy altar of Hepliaklqana.
  4986 | D:5      | Identified the +2 dagger "Dizir" {pain, Will++ Stlth+}
  5022 | D:5      | Reached skill level 8 in Spellcasting
  5345 | D:5      | Found a hide-covered altar of Uskayaw.
  5913 | D:6      | Reached ** piety under Kikubaaqudgha
  6098 | D:6      | Reached skill level 9 in Spellcasting
  6156 | D:6      | Noticed Grinder
  6207 | D:6      | Killed Grinder
  6271 | D:6      | Learned a level 2 spell: Ensorcelled Hibernation
  6719 | D:7      | Reached XP level 9. HP: 59/59 MP: 22/22
  6784 | D:7      | Found Tieschoq's Magic Scroll Boutique.
  6793 | D:7      | Bought a scroll of blinking for 90 gold pieces
  6953 | D:7      | Found Urenulus's Book Boutique.
  6991 | D:7      | Found Wialuol's Jewellery Boutique.
  7052 | D:7      | Found Litemat's Weapon Emporium.
  7153 | D:7      | Found Fafeev's Book Shoppe.
  7324 | D:7      | Learned a level 3 spell: Hailstorm
  7426 | D:7      | Reached skill level 10 in Spellcasting
  7473 | D:7      | Found a sacrificial altar of Ru.
  7680 | D:7      | Noticed a moth of wrath
  7683 | D:7      | Found a bloodstained altar of Trog.
  7688 | D:7      | Reached *** piety under Kikubaaqudgha
  7688 | D:7      | Received a gift from Kikubaaqudgha
  7692 | D:7      | Killed a moth of wrath
  7863 | D:7      | Learned a level 4 spell: Dispel Undead
  7868 | D:7      | Learned a level 4 spell: Anguish
  8326 | D:8      | Found a staircase to the Lair.
  8337 | D:8      | Noticed an orange demon
  8338 | D:8      | Noticed Amaemon
  8364 | D:8      | Reached skill level 11 in Spellcasting
  8365 | D:8      | Killed an orange demon
  8366 | D:8      | Reached skill level 1 in Conjurations
  8366 | D:8      | Reached XP level 10. HP: 67/67 MP: 0/25
  8369 | D:8      | Killed Amaemon
  8523 | D:8      | Found an ornate altar of the Wu Jian Council.
  8556 | D:8      | Noticed Prince Ribbit
  8564 | D:8      | Killed Prince Ribbit
  8734 | D:8      | Learned a level 5 spell: Borgnjor's Vile Clutch
  8735 | Lair:1   | Entered Level 1 of the Lair of Beasts
  8747 | Lair:1   | HP: 3/67 [polar bear (16)]
  8753 | Lair:1   | Reached skill level 5 in Stealth
  8798 | Lair:1   | Found a frozen archway.
  8815 | Lair:1   | Reached **** piety under Kikubaaqudgha
  8821 | IceCv    | Entered an ice cave
  8974 | IceCv    | Reached skill level 1 in Shields
  9025 | IceCv    | Noticed an ice statue
  9025 | IceCv    | Noticed an ice statue
  9562 | IceCv    | Noticed an ice dragon
  9573 | IceCv    | Reached skill level 12 in Spellcasting
  9580 | IceCv    | Killed an ice dragon
  9581 | IceCv    | Reached skill level 1 in Evocations
  9636 | IceCv    | Identified the ring of Departure {Wiz Dex+3}
 10064 | Lair:1   | Reached XP level 11. HP: 72/72 MP: 9/27
 10974 | Lair:2   | Reached skill level 13 in Spellcasting
 10980 | Lair:2   | Noticed a five-headed hydra
 10988 | Lair:2   | Killed a five-headed hydra
 11147 | Lair:2   | Noticed a boulder beetle
 11160 | Lair:2   | Killed a boulder beetle
 11676 | Lair:3   | Found a hole to the Spider Nest.
 11688 | Lair:3   | Reached XP level 12. HP: 79/81 MP: 13/29
 11948 | Lair:3   | Noticed a death yak
 11955 | Lair:3   | Reached ***** piety under Kikubaaqudgha
 11956 | Lair:3   | Reached skill level 14 in Spellcasting
 11956 | Lair:3   | Noticed a death yak
 11957 | Lair:3   | Noticed a death yak
 11968 | Lair:3   | Killed a death yak
 11969 | Lair:3   | Reached skill level 10 in Necromancy
 11971 | Lair:3   | Killed a death yak
 11973 | Lair:3   | Killed a death yak
 12004 | Lair:3   | Reached skill level 1 in Hexes
 12004 | Lair:3   | Reached skill level 5 in Ice Magic
 12519 | Lair:3   | Identified the +6 dagger of Dishonesty {heavy, Fly rCorr
                  | Str+2}
 12710 | Lair:3   | Found a staircase to the Swamp.
 12962 | Lair:4   | Noticed a catoblepas
 12986 | Lair:4   | Killed a catoblepas
 13267 | Lair:4   | Noticed an eight-headed hydra
 13276 | Lair:4   | Killed an eight-headed hydra
 13277 | Lair:4   | Reached skill level 5 in Fighting
 13277 | Lair:4   | Reached skill level 5 in Dodging
 13277 | Lair:4   | Reached skill level 15 in Spellcasting
 13278 | Lair:4   | Noticed a death yak
 13282 | Lair:4   | Gained mutation: You are strongly in touch with the powers
                  | of death. [Mummy growth]
 13282 | Lair:4   | Reached XP level 13. HP: 84/91 MP: 9/32
 13669 | Lair:4   | Reached ****** piety under Kikubaaqudgha
 13672 | Lair:4   | Received a gift from Kikubaaqudgha (forbidden knowledge)
 13679 | Lair:4   | Learned a level 5 spell: Fireball
 13686 | Lair:4   | Learned a level 6 spell: Death Channel
 13926 | Lair:4   | Reached skill level 5 in Shields
 14404 | D:7      | Bought a book of Winter for 408 gold pieces
 14404 | D:7      | Bought a book of Storms for 312 gold pieces
 14520 | Lair:5   | Entered Level 5 of the Lair of Beasts
 14557 | Lair:5   | Reached skill level 1 in Fire Magic
 14968 | Lair:5   | Reached XP level 14. HP: 55/100 MP: 8/33
 14973 | Lair:5   | Reached skill level 16 in Spellcasting
 15121 | Lair:5   | Found a bloodstained altar of Trog.
 15198 | Lair:5   | Reached skill level 5 in Short Blades
 15688 | Lair:5   | Found a staircase to the Slime Pits.
 16009 | D:8      | Learned a level 3 spell: Ozocubu's Armour
 16066 | D:9      | Found a basalt altar of Yredelemnul.
 16698 | D:10     | Entered Level 10 of the Dungeon
 16846 | D:10     | Noticed Snorg
 16866 | D:10     | Killed Snorg
 17155 | D:10     | Noticed Sonja
 17160 | D:10     | Killed Sonja
 17406 | D:11     | Found a transporter.
 17410 | D:11     | Noticed obanaku's ghost (journeyman TeBe)
 17514 | D:11     | Found a transporter.
 17694 | D:11     | Found a staircase to the Orcish Mines.
 18259 | D:11     | Found a burning altar of Makhleb.
 18401 | D:11     | Killed obanaku's ghost
 18511 | Orc:1    | Entered Level 1 of the Orcish Mines
 18851 | Orc:2    | Entered Level 2 of the Orcish Mines
 18952 | Orc:2    | Found a staircase to the Elven Halls.
 18952 | Orc:2    | Noticed Erolcha
 18960 | Orc:2    | Killed Erolcha
 19117 | Orc:2    | Found Wiwepain's Antique Armour Emporium.
 19269 | Orc:2    | Reached skill level 17 in Spellcasting
 19425 | Orc:2    | Noticed an orc warlord
 19888 | Orc:2    | Reached XP level 15. HP: 106/108 MP: 1/36
 20342 | Orc:2    | Found Rummenoe's Antique Armour Emporium.
 20343 | Orc:2    | Found Xyreatio's Antique Weapon Emporium.
 20345 | Orc:2    | Found Roami's General Store.
 20345 | Orc:2    | Found Kaaniefo's Jewellery Shoppe.
 20557 | D:12     | Noticed Jorgrun
 20591 | D:12     | Killed Jorgrun
 20786 | D:12     | Your ally Jorgrun died
 20820 | D:12     | Found Leixzarch's Magic Scroll Boutique.
 20823 | D:12     | Bought a scroll of butterflies for 60 gold pieces
 20823 | D:12     | Bought a scroll of revelation for 112 gold pieces
 20823 | D:12     | Bought a scroll of revelation for 112 gold pieces
 20823 | D:12     | Bought a scroll of immolation for 60 gold pieces
 20823 | D:12     | Bought a scroll of fear for 60 gold pieces
 21017 | D:12     | Learned a level 6 spell: Simulacrum
 21565 | Swamp:1  | Entered Level 1 of the Swamp
 22059 | Swamp:1  | Reached skill level 18 in Spellcasting
 23020 | Swamp:2  | Identified the +3 ring mail of the Game of Kings {rCorr
                  | Str+5 Int-3}
 23311 | Swamp:3  | Noticed a fenstrider witch
 23506 | Swamp:2  | Paralysed by a fenstrider witch for 5 turns
 23506 | Swamp:2  | Killed a fenstrider witch
 23688 | Lair:3   | Learned a level 4 spell: Summon Lightning Spire
 23945 | Swamp:3  | Reached XP level 16. HP: 118/118 MP: 24/38
 24610 | Swamp:3  | Found a radiant altar of Vehumet.
 24634 | Swamp:3  | Reached skill level 19 in Spellcasting
 24643 | Swamp:3  | Reached skill level 10 in Stealth
 25367 | Swamp:4  | Entered Level 4 of the Swamp
 25733 | Spider:1 | Entered Level 1 of the Spider Nest
 27060 | Crypt:3  | Identified the of Uptu
 27060 | Crypt:3  | Identified the "Faty"
 27060 | Elf:1    | Identified the "Gawucem"
 27060 | Elf:1    | Entered Level 1 of the Elven Halls
 27839 | D:13     | Reached skill level 1 in Earth Magic
 27849 | D:13     | Learned a level 4 spell: Airstrike
 28022 | D:13     | Reached skill level 1 in Air Magic
 29005 | D:14     | Noticed Azrael
 29023 | D:14     | Killed Azrael
 29199 | D:14     | Found a shimmering blue altar of Sif Muna.
 29494 | D:14     | Found a stormy altar of Qazlal.
 29574 | D:14     | Reached XP level 17. HP: 126/126 MP: 37/40
 29973 | D:14     | Found a gate to the Vaults.
 29981 | D:14     | Identified the +8 great mace of the Sage {drain, Str-2
                  | Dex+6}
 30184 | D:15     | Entered Level 15 of the Dungeon
 30199 | D:15     | Reached skill level 5 in Air Magic
 30786 | D:15     | Found a staircase to the Depths.
 30853 | D:15     | Noticed Josephine
 30863 | D:15     | Killed Josephine
 31272 | D:15     | Learned a level 4 spell: Vhi's Electric Charge
 31834 | Spider:2 | Noticed Donald
 31845 | Spider:2 | Killed Donald
 31864 | Spider:2 | Reached skill level 20 in Spellcasting
 32158 | Spider:2 | Your ally Donald died
 32741 | Spider:3 | Learned a level 5 spell: Arcjolt
 32789 | Spider:3 | Noticed Nikola
 32823 | Spider:3 | Killed Nikola
 32833 | Spider:3 | Your ally Nikola died
 33188 | Spider:3 | Noticed Kirke
 33196 | Spider:3 | Killed Kirke
 33386 | Spider:3 | Found a runed translucent door.
 33386 | Spider:3 | Noticed Pocsodimp's ghost (adept VSBr)
 33530 | Spider:3 | Killed Pocsodimp's ghost
 33903 | Spider:3 | Reached XP level 18. HP: 119/134 MP: 24/42
 34176 | Spider:4 | Entered Level 4 of the Spider Nest
 34182 | Spider:4 | Noticed Bai Suzhen
 34292 | Spider:4 | Reached skill level 10 in Fighting
 34907 | Swamp:4  | Reached skill level 21 in Spellcasting
 35054 | Swamp:4  | Got a decaying rune of Zot
 36141 | Vaults:1 | Entered Level 1 of the Vaults
 36755 | Vaults:1 | Reached skill level 15 in Necromancy
 37557 | Vaults:1 | Found Viyghomm's Distillery.
 38113 | Vaults:2 | Reached skill level 22 in Spellcasting
 38115 | Vaults:2 | Reached XP level 19. HP: 39/143 MP: 22/45
 40285 | Vaults:3 | Found a staircase to the Crypt.
 40797 | Vaults:4 | Found Kiec Gae's Book Emporium.
 40801 | Vaults:4 | Bought a book of Annihilations for 780 gold pieces
 41051 | Vaults:4 | Reached skill level 23 in Spellcasting
 41067 | Vaults:4 | Noticed Frederick
 41075 | Vaults:4 | Killed Frederick
 41422 | Vaults:4 | Reached XP level 20. HP: 138/152 MP: 39/47
 41511 | Vaults:4 | Noticed Mara
 41524 | Vaults:4 | Killed Mara
 42006 | Vaults:4 | Noticed Sojobo
 42246 | Vaults:4 | Identified the +0 pair of boots "Maatu" {Str+4 Int+6}
 42625 | Vaults:4 | Learned a level 8 spell: Infestation
 42762 | Vaults:5 | Entered Level 5 of the Vaults
 42831 | Vaults:4 | Paralysed by an air elemental for 1 turns
 42836 | Vaults:4 | Killed Sojobo
 43597 | Spider:4 | Killed Bai Suzhen
 44270 | Spider:4 | Got a gossamer rune of Zot
 44650 | D:11     | Identified a scroll of acquirement
 44652 | D:11     | Acquired 253 gold pieces
 44867 | Vaults:5 | Noticed a golden dragon
 44869 | Vaults:5 | Killed from afar by a golden dragon

Illustrated notes

Levels and vault maps discovered:
D:1:      doesnt_arrival_eight_statues, layout_basic, serial_shops,
          nicolae_shop_getting_attention
D:2:      layout_basic
D:3:      layout_loops_ring, xom_redecorated, uniq_robin
D:4:      cheibrodos_greedy_goblins, layout_cave_pools,
          mainiacjoe_overflow_24_doors, kennysheep_mini_moat,
          nicolae_vehumet_altar_sigil, minmay_temple_entry_slanted,
          serial_undead, serial_undead_f, serial_undead_b, serial_undead_f,
          serial_undead_f, serial_undead_f, serial_undead_b,
          nicolae_concentric_dashed_squares_wild
D:5:      layout_basic, riverfiend_overflow_shadow_ancestor,
          mainiacjoe_overflow_catwalk, hellmonk_no_cap
D:6:      layout_loops_corners, serial_rivers, chequers_serial_rivers_large_a,
          chequers_serial_rivers_marsh, chequers_serial_rivers_micro_d,
          chequers_serial_rivers_large_b, chequers_serial_rivers_micro_a,
          hangedman_abyss_or_decor_lesser_grid, uniq_grinder
D:7:      layout_loops_ring, hangedman_ru_absence, tgw_trog, serial_shops, shop,
          nicolae_inconvenience_store, shop, nicolae_shop_tiny_glass,
          nicolae_shop_window_shopping
D:8:      layout_basic, nicolae_wu_jian_wuxing_cycle, lair_entry_dummy,
          uniq_amaemon, uniq_prince_ribbit1
D:9:      layout_long_grid, yredelemnul_altar_generic, minmay_misc_feat_enclosed
D:10:     layout_cave_pools, uniq_sonja, uniq_snorg
D:11:     layout_stronghold, david_orc_2, gammafunk_ghost_stat_death,
          makhleb_altar_promises_db
D:12:     layout_rooms, serial_shops, nicolae_shop_real_fake_doors,
          serial_corexii_hall, corexii_hall_statues_i, corexii_hall_statues_x,
          chequers_hall_statues_wall_a, kennysheep_cluttered_room, uniq_jorgrun
D:13:     layout_basic
D:14:     layout_loops_cross, ximxim_vaults_locker_room,
          nicolae_qazlal_scattered_showers, tgw_sif, uniq_azrael
D:15:     hellmonk_depths_entry_around_the_bend, layout_rooms,
          dreamdust_mushroom_princess, uniq_josephine
Temple:   grunt_temple_mini_profane
Lair:1:   beast_lair_carwin_large_1, layout_cave_pods,
          portal_ice_cave_entry_imps, nicolae_quartered_pool_medium
Lair:2:   layout_misc_corridors
Lair:3:   layout_cave_pods, minmay_swamp_entry_worms,
          nicolae_spider_entry_tight_spaces, lemuel_fruit_fields,
          grunt_megastairs_4
Lair:4:   regret_index_tunnel_blossom, layout_regular_city, serial_bayou_shore_a
Lair:5:   hangedman_lair_caniforms_friends, layout_concentric_octagons,
          hangedman_lair_tendril_chambers, nicolae_slime_entry_slimehenge,
          basic_altar
Swamp:1:  layout_basic_swamp, evilmike_swamp_ruin_house_1, swamp_pool_1_2
Swamp:2:  layout_basic_swamp, evilmike_swamp_ruin_house_6, swamp_pool_1_2,
          nicolae_swamp_hydra_murder_den, infiniplex_staircase_pool
Swamp:3:  layout_basic_swamp, nicolae_swamp_godswood,
          nicolae_swamp_trees_clearing, swamp_pool_5, hangedman_swamp_pad
Swamp:4:  swamp_fiery, layout_basic_swamp, nicolae_swamp_tree_isthmus
Spider:1: layout_spider_delve, nicolae_spider_checkerboard
Spider:2: layout_spider_delve, uniq_donald
Spider:3: layout_cave_pods, hellmonk_ghost_happy_afterlife,
          nicolae_spider_solar_radiation, uniq_nikola, uniq_kirke
Spider:4: hellmonk_spider_rune_bug_friends, uniq_bai_suzhen
Orc:1:    layout_diamond_mine
Orc:2:    st_orc_congregation, layout_caves, serial_shops,
          nicolae_shop_tiny_statue_garden, uniq_erolcha
Elf:1:    eino_elf_arrival_the_gate, layout_geoelf_octagon, serial_shops, shop,
          minmay_elf_sorcery
Vaults:1: nicolae_vaults_asterisk, v_misc_32, nicolae_vaults_weapon_check,
          v_misc_22, nicolae_vaults_six-pack, nicolae_vaults_shock_wave,
          v_pattern_5, nicolae_vaults_mini_display_case, v_misc_22,
          nicolae_vaults_meiosis, nicolae_vaults_tetromino_T_1,
          nicolae_vaults_circle_grid_b, layout_vaults_maze_bifur, serial_glass,
          serial_shops, shop
Vaults:2: v_misc_4, nicolae_vaults_house_1, v_misc_14, dpeg_vaults_monster_row,
          vaults_mumra_minichess_inversion, vaults_mumra_chevron,
          nicolae_vaults_rhombus_7, nicolae_vaults_tetromino_Z_1,
          vaults_room_fancy_cross, nicolae_vaults_trapezoid_lopsided_2,
          vaults_room_fours, vaults_room_hallway, nicolae_vaults_apartment_1,
          layout_vaults_big_room
Vaults:3: nicolae_vaults_shipping_containers_7, ontoclasm_vaults_bender,
          dpeg_vaults_monster_box, minmay_crypt_entry_vampire_xt,
          nicolae_vaults_gold_heap, ontoclasm_vaults_eye,
          nicolae_vaults_house_2, ontoclasm_vaults_decontamination,
          vaults_mumra_lcd, nicolae_vaults_trapezoid_2, nicolae_vaults_wrenched,
          vaults_standard_mumra_enter_the_diamond, layout_vaults_big_cross
Vaults:4: v_misc_33, nicolae_vaults_sightless_eye, v_pattern_3,
          nicolae_vaults_shrinking_rooms_1, nicolae_vaults_network_square,
          v_misc_28, ontoclasm_vaults_fault, v_alt_pattern_1,
          hangedman_vaults_corner_blocks, nicolae_vaults_tetromino_L_2,
          layout_vaults_omnibox, serial_shops, nicolae_shop_hallway_stairs,
          uniq_frederick, uniq_sojobo, uniq_mara
Vaults:5

Skill      XL: |  1  2  3  4  5  6  7  8  9 10 11 12 13 14 15 16 17 18 19 20 |
---------------+-------------------------------------------------------------+-----
Spellcasting   | 3 5 6 7 9 11 12 13 15 17 18 19 20 22 23 | 23.8
Stealth        | 2 3 4 5 6 7 8 9 10 11 12 13 | 13.3
Necromancy     | 5 6 7 8 9 10 11 12 13 14 15 16 | 16.7
Ice Magic      | 1 2 3 4 5 6 7 |  7.9
Short Blades   | 1 2 3 4 5 6 |  6.3
Dodging        | 2 3 4 5 6 7 8 |  8.4
Fighting       | 1 2 3 5 6 7 8 9 11 12 | 12.4
Conjurations   | 1 4 |  4.5
Shields        | 1 2 4 5 6 7 8 9 |  9.1
Evocations     | 1 |  1.5
Hexes          | 1 2 |  2.1
Fire Magic     | 3 |  3.5
Earth Magic    | 1 2 |  2.4
Air Magic      | 3 7 |  7.4
Summonings     | |  0.8
Translocations | |  0.1

Action                     |  1- 3 |  4- 6 |  7- 9 | 10-12 | 13-15 | 16-18 | 19-21 || total
---------------------------+-------+-------+-------+-------+-------+-------+-------++-------
  Melee: Short sword       |     4 |    92 |    78 |       |       |       |       ||   174
         Punch             |       |     2 |     5 |     2 |       |       |       ||     9
         Dagger            |       |       |   186 |   363 |   745 |   580 |   265 ||  2139
         Staff             |       |       |       |       |       |    16 |     2 ||    18
         Rapier            |       |       |       |       |       |    17 |     7 ||    24
  Throw: Throwing net      |       |       |       |     2 |       |     2 |       ||     4
   Cast: Necrotise         |    63 |    48 |    49 |    22 |    42 |    34 |    10 ||   268
         Vampiric Draining |       |     4 |       |    27 |    57 |    66 |    12 ||   166
         Freeze            |       |     4 |     1 |     4 |    13 |    31 |     1 ||    54
         Frozen Ramparts   |       |       |    21 |    22 |    68 |    92 |    43 ||   246
         Animate Dead      |       |       |     6 |     7 |    14 |    27 |    10 ||    64
         Hailstorm         |       |       |    20 |    27 |    32 |     3 |       ||    82
         Dispel Undead     |       |       |       |     6 |    26 |    30 |     8 ||    70
         Anguish           |       |       |       |     6 |    21 |    43 |    15 ||    85
         Ozocubu's Armour  |       |       |       |       |    28 |    67 |    34 ||   129
         Death Channel     |       |       |       |       |     5 |    11 |    11 ||    27
         Borgnjor's Vile C |       |       |       |       |     7 |    44 |    28 ||    79
         Summon Lightning  |       |       |       |       |     5 |    17 |     3 ||    25
         Fireball          |       |       |       |       |     2 |     9 |     1 ||    12
         Simulacrum        |       |       |       |       |     1 |       |       ||     1
         Ensorcelled Hiber |       |       |       |       |     1 |       |       ||     1
         Airstrike         |       |       |       |       |       |    21 |    14 ||    35
         Vhi's Electric Ch |       |       |       |       |       |     2 |       ||     2
         Arcjolt           |       |       |       |       |       |    12 |    10 ||    22
         Infestation       |       |       |       |       |       |       |     1 ||     1
 Invoke: Unearth Wretches  |       |       |       |     2 |       |     7 |    10 ||    19
         Receive Forbidden |       |       |       |       |     1 |       |       ||     1
         Torment           |       |       |       |       |     2 |     1 |     1 ||     4
  Evoke: Wand              |       |     4 |     8 |    24 |     8 |     3 |     6 ||    53
         Phantom mirror    |       |       |       |       |     1 |     1 |     1 ||     3
         Box of beasts     |       |       |       |       |       |     1 |     1 ||     2
    Use: Scroll            |     4 |     6 |     3 |     9 |    11 |    10 |    14 ||    57
   Stab: Sleeping          |     1 |     3 |    16 |    14 |    25 |    27 |    18 ||   104
         Distracted        |       |       |     1 |     7 |    20 |    14 |    11 ||    53
         Paralysed         |       |       |       |     4 |     1 |     6 |    11 ||    22
         Petrified         |       |       |       |       |     2 |       |       ||     2
         Invisible         |       |       |       |       |     1 |       |       ||     1
 Armour: Robe              |     4 |    74 |   183 |   259 |   421 |   674 |   291 ||  1906
  Dodge: Dodged            |    13 |    61 |   155 |   217 |   500 |   496 |   228 ||  1670
  Block: Other             |       |       |    16 |    42 |       |       |       ||    58
         Kite shield       |       |       |       |   240 |   961 |  1022 |   446 ||  2669
         Reflection        |       |       |       |     3 |    27 |    27 |    25 ||    82

Table legend: (Time is in decaauts)
 A = Elapsed time spent in this place.
 B = Non-inter-level travel time spent in this place.
 C = Inter-level travel time spent in this place.
 D = Time resting spent in this place.
 E = Time spent auto-exploring this place.
 F = Levels seen in this place.
 G = Mean time per level.
                   A        B        C        D        E       F      G
               +--------+--------+--------+--------+--------+-----+--------+
         Total |  45219 |  41338 |   3881 |   2762 |  28139 |  38 | 1190.0 |
       Dungeon |  16709 |  15105 |   1604 |    394 |  11884 |  15 | 1113.9 |
        Temple |     49 |      2 |     47 |      0 |      0 |   1 |   49.0 |
          Lair |   6891 |   5994 |    897 |    237 |   4256 |   5 | 1378.2 |
         Swamp |   5192 |   4889 |    303 |    551 |   3050 |   4 | 1298.0 |
   Spider Nest |   5505 |   5066 |    439 |    398 |   3157 |   4 | 1376.2 |
  Orcish Mines |   2075 |   1830 |    245 |     38 |   1230 |   2 | 1037.5 |
   Elven Halls |    629 |    629 |      0 |    123 |    221 |   1 |  629.0 |
        Vaults |   7084 |   6740 |    344 |    517 |   4340 |   5 | 1416.8 |
      Ice Cave |   1082 |   1082 |      0 |    504 |      0 |   1 | 1082.0 |
               +--------+--------+--------+--------+--------+-----+--------+

Top non-repeatable levels by time:
Vaults:4: 2298 daAuts
Spider:3: 2140 daAuts
Vaults:3: 1905 daAuts
  Lair:3: 1903 daAuts
 Swamp:2: 1702 daAuts
    D:14: 1688 daAuts
Vaults:1: 1610 daAuts
    D:11: 1502 daAuts
  Lair:4: 1479 daAuts
  Lair:5: 1448 daAuts
Spider:1: 1428 daAuts
     D:5: 1297 daAuts
   Orc:2: 1244 daAuts
 Swamp:3: 1241 daAuts
Vaults:2: 1241 daAuts
